TOP OF THE 1ST |
Lansing Lugnuts batting - Pitching for Lake County Captains : RHP Matt Zambon
|
Pitching: RHP Matt Zambon
|
|
Batting: RHB Finn Ross
|
0-0: Foul Ball, location: 2F 0-1: Ball 1-1: Fly out, F9 (Flyball, 89XD, EV 108.8 MPH)
|
Batting: RHB Bryan Westray
|
0-0: Swinging Strike 0-1: Foul Ball, location: 2F 0-2: Foul Ball, location: 2F 0-2: Ground out 2-3 (Groundball, 13S, EV 67.5 MPH)
|
Batting: LHB Cedric Saunders
|
0-0: Foul Ball, location: 2F 0-1: SOLO HOME RUN (Flyball, 9LD, EV 92.5 MPH), Distance : 342 ft
|
Batting: SHB Jose Garcia
|
0-0: Called Strike 0-1: Ball 1-1: Ball 2-1: Foul Ball, location: 2F 2-2: Ball 3-2: Strikes out swinging
|
Top of the 1st over - 1 run, 1 hit, 0 errors, 0 left on base; Lansing 1 - Lake County 0 |
BOTTOM OF THE 1ST |
Lake County Captains batting - Pitching for Lansing Lugnuts : RHP Tony Riesco
|
Pitching: RHP Tony Riesco
|
|
Batting: RHB Toki Takeuchi
|
0-0: Ball 1-0: Foul Ball, location: 2F 1-1: Foul Ball, location: 2F 1-2: Strikes out swinging
|
Batting: LHB Yasuo Igarashi
|
0-0: Called Strike 0-1: Ball 1-1: Hit by Pitch
|
Batting: LHB Justin Rankin
|
0-0: Foul Ball, location: 2F 0-1: Grounds into double play, 6-4-3 (Groundball, 6S, EV 85.0 MPH)
|
Bottom of the 1st over - 0 runs, 0 hits, 0 errors, 0 left on base; Lansing 1 - Lake County 0 |
TOP OF THE 2ND |
Lansing Lugnuts batting - Pitching for Lake County Captains : RHP Matt Zambon
|
Batting: LHB Dan Martinez
|
0-0: Ball 1-0: Foul Ball, location: 2F 1-1: Ball 2-1: Ball 3-1: Called Strike 3-2: Fly out, F8 (Line Drive, 8LM, EV 96.9 MPH)
|
Batting: RHB B.J. Worthy
|
0-0: Called Strike 0-1: Swinging Strike 0-2: Strikes out swinging
|
Batting: RHB Luis Reyes
|
0-0: Called Strike 0-1: Called Strike 0-2: Ball 1-2: DOUBLE (Flyball, 89XD, EV 113.1 MPH)
|
Batting: RHB Darren McCarty Jr.
|
0-0: Called Strike 0-1: Ball 1-1: Ball 2-1: Swinging Strike 2-2: Foul Ball, location: 2F 2-2: Strikes out swinging
|
Top of the 2nd over - 0 runs, 1 hit, 0 errors, 1 left on base; Lansing 1 - Lake County 0 |
BOTTOM OF THE 2ND |
Lake County Captains batting - Pitching for Lansing Lugnuts : RHP Tony Riesco
|
Batting: SHB Charlie Diesel
|
0-0: Called Strike 0-1: Foul Ball, location: 2F 0-2: Ball 1-2: Foul Ball, location: 2F 1-2: Ball 2-2: SINGLE (Groundball, 6MD, EV 103.1 MPH)
|
Batting: RHB Adrian Martinelli
|
0-0: Grounds into double play, 3-6-3 (Groundball, 3, EV 85.6 MPH)
|
Batting: LHB Tim Fuller
|
0-0: Ball 1-0: Ball 2-0: Foul Ball, location: 2F 2-1: Ball 3-1: Foul Ball, location: 2F 3-2: Base on Balls
|
Batting: SHB Travis Burnett
|
0-0: Swinging Strike 0-1: Foul Ball, location: 2F 0-2: Ball 1-2: Foul Ball, location: 2F 1-2: Ball Tim Fuller steals 2nd, throwing error, E2 Tim Fuller to third 2-2: Ground out 6-3 (Groundball, 6, EV 102.5 MPH)
|
Bottom of the 2nd over - 0 runs, 1 hit, 1 error, 1 left on base; Lansing 1 - Lake County 0 |
TOP OF THE 3RD |
Lansing Lugnuts batting - Pitching for Lake County Captains : RHP Matt Zambon
|
Batting: RHB Corey Davis
|
0-0: Ball 1-0: Fly out, F8 (Flyball, 78M, EV 91.3 MPH)
|
Batting: RHB Finn Ross
|
0-0: Called Strike 0-1: Swinging Strike 0-2: Ball 1-2: SINGLE (Groundball, 4S, EV 61.3 MPH) (infield hit)
|
Batting: RHB Bryan Westray
|
0-0: Ball Finn Ross is caught stealing 2nd base 2-4 1-0: Ball 2-0: Ground out 4-3 (Groundball, 4, EV 105.0 MPH)
|
Top of the 3rd over - 0 runs, 1 hit, 0 errors, 0 left on base; Lansing 1 - Lake County 0 |
BOTTOM OF THE 3RD |
Lake County Captains batting - Pitching for Lansing Lugnuts : RHP Tony Riesco
|
Batting: LHB Danny Moreno
|
0-0: Ground out U3 (Groundball, 3, EV 84.4 MPH)
|
Batting: LHB Alan Kelly
|
0-0: Ball 1-0: Foul Ball, location: 2F 1-1: Hit by Pitch
|
Batting: RHB Toki Takeuchi
|
0-0: Called Strike Pickoff Throw to First - Out! 1-3 0-1: Ball 1-1: Ball 2-1: Foul Ball, location: 2F 2-2: Strikes out looking
|
Bottom of the 3rd over - 0 runs, 0 hits, 0 errors, 0 left on base; Lansing 1 - Lake County 0 |
TOP OF THE 4TH |
Lansing Lugnuts batting - Pitching for Lake County Captains : RHP Matt Zambon
|
Batting: LHB Cedric Saunders
|
0-0: Ball 1-0: Ball 2-0: Called Strike 2-1: Ball 3-1: Called Strike 3-2: Base on Balls
|
Batting: SHB Jose Garcia
|
0-0: Ball 1-0: Called Strike Cedric Saunders steals 2nd, throwing error, E2 Cedric Saunders to third 1-1: Ball Wild Pitch! Cedric Saunders scores 2-1: Foul Ball, location: 2F 2-2: SOLO HOME RUN (Flyball, 9D, EV 96.3 MPH), Distance : 365 ft
|
Batting: LHB Dan Martinez
|
0-0: Ball 1-0: Ball 2-0: Called Strike 2-1: Foul Ball, location: 2F 2-2: Fly out, F7 (Flyball, 7S, EV 89.4 MPH)
|
Batting: RHB B.J. Worthy
|
0-0: Swinging Strike 0-1: Called Strike 0-2: Ground out 3-1 (Groundball, 34S, EV 92.5 MPH)
|
Batting: RHB Luis Reyes
|
0-0: Called Strike 0-1: Ball 1-1: Called Strike 1-2: Ball 2-2: Strikes out swinging
|
Top of the 4th over - 2 runs, 1 hit, 1 error, 0 left on base; Lansing 3 - Lake County 0 |
BOTTOM OF THE 4TH |
Lake County Captains batting - Pitching for Lansing Lugnuts : RHP Tony Riesco
|
Batting: LHB Yasuo Igarashi
|
0-0: Swinging Strike 0-1: Swinging Strike 0-2: Ball 1-2: Ball 2-2: Strikes out swinging
|
Batting: LHB Justin Rankin
|
0-0: Ground out 4-3 (Groundball, 34, EV 96.3 MPH)
|
Batting: SHB Charlie Diesel
|
0-0: Ball 1-0: SOLO HOME RUN (Flyball, 7D, EV 98.8 MPH), Distance : 388 ft
|
Batting: RHB Adrian Martinelli
|
0-0: Swinging Strike 0-1: Ball 1-1: Called Strike 1-2: SINGLE (Groundball, 56D, EV 100.6 MPH)
|
Batting: LHB Tim Fuller
|
0-0: Ball 1-0: Called Strike 1-1: Fly out, F9 (Flyball, 9, EV 90.6 MPH)
|
Bottom of the 4th over - 1 run, 2 hits, 0 errors, 1 left on base; Lansing 3 - Lake County 1 |
TOP OF THE 5TH |
Lansing Lugnuts batting - Pitching for Lake County Captains : RHP Matt Zambon
|
Batting: RHB Darren McCarty Jr.
|
0-0: Swinging Strike 0-1: Ball 1-1: Ball 2-1: Foul Ball, location: 2F 2-2: Strikes out swinging
|
Batting: RHB Corey Davis
|
0-0: Foul Ball, location: 2F 0-1: Called Strike 0-2: Ground out 1-3 (Groundball, 13S, EV 66.3 MPH)
|
Batting: RHB Finn Ross
|
0-0: Ball 1-0: Called Strike 1-1: SINGLE (Line Drive, 9S, EV 103.8 MPH)
|
Batting: RHB Bryan Westray
|
0-0: Called Strike 0-1: Called Strike Finn Ross is caught stealing 2nd base 2-4
|
Top of the 5th over - 0 runs, 1 hit, 0 errors, 0 left on base; Lansing 3 - Lake County 1 |
BOTTOM OF THE 5TH |
Lake County Captains batting - Pitching for Lansing Lugnuts : RHP Tony Riesco
|
Batting: SHB Travis Burnett
|
0-0: Ball 1-0: Fly out, F9 (Flyball, 9S, EV 96.9 MPH)
|
Batting: LHB Danny Moreno
|
0-0: Foul Ball, location: 2F 0-1: Ball 1-1: Ball 2-1: Foul Ball, location: 2F 2-2: SINGLE (Flyball, 5D, EV 87.5 MPH)
|
Batting: LHB Alan Kelly
|
0-0: Ball 1-0: Called Strike 1-1: Ball 2-1: Fly out, F8 (Flyball, 8LS, EV 91.9 MPH)
|
Batting: RHB Toki Takeuchi
|
0-0: Ball 1-0: Ball 2-0: Swinging Strike 2-1: Swinging Strike 2-2: Fielders Choice at 2nd, 6-4 (Groundball, 6, EV 76.3 MPH)
|
Bottom of the 5th over - 0 runs, 1 hit, 0 errors, 1 left on base; Lansing 3 - Lake County 1 |
TOP OF THE 6TH |
Lansing Lugnuts batting - Pitching for Lake County Captains : RHP Matt Zambon
|
Batting: RHB Bryan Westray
|
0-0: Ball 1-0: Fly out, F8 (Line Drive, 8LS, EV 95.6 MPH)
|
Batting: LHB Cedric Saunders
|
0-0: Foul Ball, location: 2F 0-1: Ball 1-1: Foul Ball, location: 2F 1-2: Ball 2-2: Fly out, F6 (Popup, 56D, EV 51.9 MPH)
|
Batting: SHB Jose Garcia
|
0-0: Ball 1-0: Ground out U3 (Groundball, 3, EV 90.6 MPH)
|
Top of the 6th over - 0 runs, 0 hits, 0 errors, 0 left on base; Lansing 3 - Lake County 1 |
BOTTOM OF THE 6TH |
Lake County Captains batting - Pitching for Lansing Lugnuts : RHP Tony Riesco
|
Batting: LHB Yasuo Igarashi
|
0-0: Swinging Strike 0-1: Ball 1-1: Ball 2-1: Ball 3-1: Base on Balls
|
Batting: LHB Justin Rankin
|
0-0: Ball Yasuo Igarashi steals 2nd, throwing error, E2 Yasuo Igarashi to third 1-0: Ball Wild Pitch! Yasuo Igarashi scores 2-0: Ground out 1-3 (Groundball, 34S, EV 70.6 MPH)
|
Batting: SHB Charlie Diesel
|
0-0: Foul Ball, location: 2F 0-1: Called Strike 0-2: Ball 1-2: Foul Ball, location: 2F 1-2: Ball 2-2: Ball 3-2: Fly out, F7 (Flyball, 78D, EV 87.5 MPH)
|
Batting: RHB Adrian Martinelli
|
0-0: Reached via error on a dropped throw from 3B, E3 (Groundball, 56, EV 85.0 MPH)
|
Batting: LHB Tim Fuller
|
0-0: Foul Ball, location: 2F 0-1: Foul Ball, location: 2F 0-2: Foul Ball, location: 2F 0-2: Ball 1-2: Ball 2-2: Foul Ball, location: 2F 2-2: Strikes out swinging
|
Bottom of the 6th over - 1 run, 0 hits, 2 errors, 1 left on base; Lansing 3 - Lake County 2 |
TOP OF THE 7TH |
Lansing Lugnuts batting - Pitching for Lake County Captains : RHP Matt Zambon
|
Batting: LHB Dan Martinez
|
0-0: Ball 1-0: Ball 2-0: Ball 3-0: Base on Balls
|
Batting: RHB B.J. Worthy
|
0-0: Foul Ball, location: 2F 0-1: Ball 1-1: Called Strike 1-2: Foul Ball, location: 2F 1-2: Ball 2-2: Ball 3-2: Ground out 4-3 (Groundball, 34, EV 78.1 MPH) Dan Martinez to second
|
Batting: RHB Luis Reyes
|
0-0: Foul Ball, location: 2F 0-1: Ball 1-1: DOUBLE (Line Drive, 7LM, EV 108.1 MPH) Dan Martinez scores
|
Pitching: LHP Jordan Leon
|
|
Batting: RHB Darren McCarty Jr.
|
0-0: Called Strike 0-1: Ball 1-1: Ball 2-1: Ball 3-1: Called Strike 3-2: Base on Balls
|
Batting: RHB Corey Davis
|
0-0: Foul Ball, location: 2F 0-1: Ball 1-1: Ball 2-1: Fly out, F7 (Flyball, 7D, EV 99.4 MPH)
|
Batting: RHB Finn Ross
|
0-0: Swinging Strike 0-1: Foul Ball, location: 2F 0-2: Ball 1-2: Strikes out swinging
|
Top of the 7th over - 1 run, 1 hit, 0 errors, 2 left on base; Lansing 4 - Lake County 2 |
BOTTOM OF THE 7TH |
Lake County Captains batting - Pitching for Lansing Lugnuts : RHP Tony Riesco
|
Batting: SHB Travis Burnett
|
0-0: Ball 1-0: Ball 2-0: Fly out, F7 (Flyball, 7, EV 86.3 MPH)
|
Batting: LHB Danny Moreno
|
0-0: Ball 1-0: Called Strike 1-1: Swinging Strike 1-2: Ball 2-2: Strikes out swinging
|
Batting: LHB Alan Kelly
|
0-0: Ball 1-0: Ball 2-0: Called Strike 2-1: Ground out 4-3 (Groundball, 4, EV 103.8 MPH)
|
Bottom of the 7th over - 0 runs, 0 hits, 0 errors, 0 left on base; Lansing 4 - Lake County 2 |
TOP OF THE 8TH |
Lansing Lugnuts batting - Pitching for Lake County Captains : LHP Jordan Leon
|
Batting: RHB Bryan Westray
|
0-0: Ball 1-0: Ball 2-0: Foul Ball, location: 2F 2-1: Ball 3-1: Called Strike 3-2: SINGLE (Flyball, 6MD, EV 94.4 MPH)
|
Batting: LHB Cedric Saunders
|
0-0: Ball 1-0: Foul Ball, location: 2F 1-1: Ball Bryan Westray is caught stealing 2nd base 2-6 2-1: SINGLE (Flyball, 7S, EV 85.0 MPH)
|
Batting: SHB Jose Garcia
|
0-0: Swinging Strike 0-1: Ball 1-1: Ball 2-1: DOUBLE (Flyball, 89XD, EV 100.0 MPH) Cedric Saunders to third
|
Pitching: RHP En-guo Tsu
|
|
Batting: LHB Dan Martinez
|
0-0: Ball 1-0: Ball 2-0: Called Strike 2-1: Ball 3-1: Called Strike 3-2: Strikes out swinging
|
Pinch Hitting: LHB David Ramirez
|
0-0: Ball 1-0: Foul Ball, location: 2F 1-1: Foul Ball, location: 2F 1-2: DOUBLE (Groundball, 5L, EV 95.6 MPH) Cedric Saunders scores Jose Garcia scores
|
Batting: RHB Luis Reyes
|
0-0: Ball 1-0: Ball 2-0: Ball 3-0: Called Strike 3-1: Base on Balls
|
Batting: RHB Darren McCarty Jr.
|
0-0: Called Strike 0-1: Foul Ball, location: 2F 0-2: Ball Wild Pitch! David Ramirez to third Luis Reyes to second 1-2: Strikes out swinging
|
Top of the 8th over - 2 runs, 4 hits, 0 errors, 2 left on base; Lansing 6 - Lake County 2 |
BOTTOM OF THE 8TH |
Lake County Captains batting - Pitching for Lansing Lugnuts : RHP Tony Riesco
|
Pitching: RHP Germano Nunes
|
|
Now at 3B: Roger Escareno
|
|
Batting: RHB Toki Takeuchi
|
0-0: Ball 1-0: Ground out 5-3 (Groundball, 5L, EV 98.1 MPH)
|
Batting: LHB Yasuo Igarashi
|
0-0: Ball 1-0: Called Strike 1-1: Called Strike 1-2: Ground out 4-3 (Groundball, 4, EV 81.3 MPH)
|
Batting: LHB Justin Rankin
|
0-0: Ball 1-0: Ball 2-0: Called Strike 2-1: Called Strike 2-2: Foul Ball, location: 2F 2-2: Foul Ball, location: 2F 2-2: Ball 3-2: Strikes out swinging
|
Bottom of the 8th over - 0 runs, 0 hits, 0 errors, 0 left on base; Lansing 6 - Lake County 2 |
TOP OF THE 9TH |
Lansing Lugnuts batting - Pitching for Lake County Captains : RHP En-guo Tsu
|
Pitching: LHP Aaron Manees
|
|
Batting: RHB Corey Davis
|
0-0: Called Strike 0-1: Ground out 5-3 (Groundball, 56S, EV 83.1 MPH)
|
Batting: RHB Finn Ross
|
0-0: Ball 1-0: Called Strike 1-1: Fly out, F8 (Flyball, 89D, EV 96.3 MPH)
|
Batting: RHB Bryan Westray
|
0-0: Fly out, F8 (Flyball, 8RD, EV 96.3 MPH)
|
Top of the 9th over - 0 runs, 0 hits, 0 errors, 0 left on base; Lansing 6 - Lake County 2 |
BOTTOM OF THE 9TH |
Lake County Captains batting - Pitching for Lansing Lugnuts : RHP Germano Nunes
|
Batting: SHB Charlie Diesel
|
0-0: Called Strike 0-1: Foul Ball, location: 2F 0-2: Ball 1-2: Foul Ball, location: 2F 1-2: SOLO HOME RUN (Flyball, 9D, EV 95.6 MPH), Distance : 365 ft
|
Pitching: RHP Mel Schultz
|
|
Batting: RHB Adrian Martinelli
|
0-0: Ball 1-0: Ground out 6-3 (Groundball, 6, EV 84.4 MPH)
|
Batting: LHB Tim Fuller
|
0-0: Called Strike 0-1: Ball 1-1: Swinging Strike 1-2: Ball 2-2: Fly out, F8 (Line Drive, 8LD, EV 99.4 MPH)
|
Batting: SHB Travis Burnett
|
0-0: Fly out, F8 (Flyball, 8RD, EV 90.6 MPH)
|
Bottom of the 9th over - 1 run, 1 hit, 0 errors, 0 left on base; Lansing 6 - Lake County 3 |
|